 Dungeon Crawl Stone Soup version 0.28.0-1-gb440e238dd (webtiles) character file.

Game seed: 11253685109952802421

218 fknight the Chopper (level 5, -3/48 HPs)
             Began as a Hill Orc Monk on Feb 27, 2022.
             Was a Believer of Beogh.
             Slain by Duvessa (5 damage)
             ... on level 4 of the Dungeon.
             The game lasted 00:11:42 (3878 turns).

fknight the Chopper (Hill Orc Monk)                 Turns: 3878, Time: 00:11:43

Health: -3/48      AC:  9    Str: 13 (16) XL:     5   Next: 95%
Magic:  5/5        EV:  9    Int:  9 (10) God:    Beogh [**....]
Gold:   230        SH:  0    Dex: 11 (13) Spells: 4/4 levels left

rFire   . . .      SeeInvis .   x - +2 hand axe (vorpal)
rCold   . . .      Faith    .   (no shield)
rNeg    . . .      Spirit   .   h - +0 scale mail
rPois   .          Reflect  .   (no helmet)
rElec   .          Harm     .   (no cloak)
rCorr   .          Rampage  .   p - +0 pair of gloves
Will    .....                   i - +1 pair of boots
Stlth   +.........              (no amulet)
HPRegen 0.16/turn               (no ring)
MPRegen 0.09/turn               (no ring)

@: invisible
A: no striking features
a: Renounce Religion, Smiting


You were on level 4 of the Dungeon.
You worshipped Beogh.
Beogh was pleased with you.
You visited 1 branch of the dungeon, and saw 4 of its levels.

You collected 230 gold pieces.

Inventory:

Hand Weapons
 a - a +0 hand axe
 e - a +0 spear
 g - a +1 whip of electrocution
 j - a +0 war axe
 m - a +1 vorpal battleaxe
 r - a +0 shortbow
 u - a +0 halberd
 v - a +0 halberd of freezing
 w - a +0 spear
 x - a +2 vorpal hand axe (weapon)
 y - a +1 vampiric spear
Missiles
 d - 46 stones (quivered)
Armour
 b - a +0 robe
 h - a +0 scale mail (worn)
 i - a +1 pair of boots (worn)
 l - a +0 leather armour
 p - a +0 pair of gloves (worn)
Jewellery
 c - a ring of protection from fire
 n - a ring of fire
Scrolls
 f - 2 scrolls of blinking
Potions
 o - a potion of mutation
 t - a potion of magic {unknown}


   Skills:
 + Level 5.0 Fighting
 + Level 5.4 Axes
 + Level 3.3 Dodging
 + Level 3.0 Stealth


You had 4 spell levels left.
You didn't know any spells.
Your spell library contained the following spells:

 Spells                   Type           Power      Damage    Failure   Level
 Blink                    Tloc           0%         N/A       97%         2
 Manifold Assault         Tloc           0%         N/A       100%        5
 Storm Form               Tmut/Air       0%         N/A       100%        7


Dungeon Overview and Level Annotations

Branches:
Dungeon (4/15)
 Temple: D:4-7

Altars:
Cheibriados
Elyvilon

Annotations:
D:4 Duvessa


Message History

Duvessa says, "When magic and the sword combine, nothing stands against them."
Duvessa hits you but does no damage.
You hit Duvessa but do no damage.
Duvessa is heavily wounded.
You hit Dowan.
Dowan says, "My weaknesses are her strengths!"
Dowan hits you but does no damage.
Duvessa gestures with her weapon.
Duvessa hits you with a +0 short sword.
You barely miss Duvessa.
Duvessa is heavily wounded.
You hit Dowan. Duvessa barely misses you. Dowan hits you but does no damage.
Duvessa hits you with a +0 short sword.
You hit Duvessa but do no damage.
Duvessa is heavily wounded.
You hit Dowan.
You kill Dowan!
Beogh accepts your kill.
Duvessa screams in rage.
Duvessa goes berserk!
Duvessa hits you with a +0 short sword!
* * * LOW HITPOINT WARNING * * *
Your Fighting skill increases to level 5!
Your Stealth skill increases to level 3!
You barely miss Duvessa.
Duvessa is heavily wounded.
Duvessa hits you with a +0 short sword!
* * * LOW HITPOINT WARNING * * *
Duvessa completely misses you.
You fade into invisibility!
Duvessa hits you with a +0 short sword.
* * * LOW HITPOINT WARNING * * *
You hit Duvessa but do no damage.
Duvessa is heavily wounded.
Duvessa misses you. Duvessa hits you with a +0 short sword.
* * * LOW HITPOINT WARNING * * *
It was a potion of degeneration.
There was something very wrong with that liquid.
You feel weakened.
You feel dopey.
You feel clumsy. Duvessa hits you with a +0 short sword.
You die...

##..).#..###..#...
#######..#...# ..
......
#..........#......
.....
#..........###....
...#
#..........##......
#..................
########.##...#....
#..# ........ #@##
....... ##e#
...##.. #).# ..## .
#..## ..# .!....
#.>......
#.........
#..........
#.$.......>#


You could see Duvessa (berserk, fast).

Vanquished Creatures
  Dowan (D:4)
  A hound skeleton (D:2)
  7 gnolls (D:3)
  2 adders (D:2)
  A worm (D:2)
  2 dart slugs
  6 orcs (D:3)
  3 ball pythons
  3 endoplasms
  5 giant cockroaches
  A goblin (D:2)
  3 hobgoblins (D:2)
  4 jackals (D:3)
  3 quokkas
  5 bats
  A frilled lizard (D:3)
  6 kobolds
  10 rats
64 creatures vanquished.

Vanquished Creatures (others)
  An orc (D:3)
  A fungus (D:2)
  A plant (D:2)
3 creatures vanquished.

Grand Total: 67 creatures vanquished

Notes
Turn   | Place    | Note
-------+----------+-------------------------------------------
     0 | D:1      | fknight the Hill Orc Monk began the quest for the Orb.
     0 | D:1      | Reached XP level 1. HP: 19/19 MP: 1/1
   502 | D:1      | Reached XP level 2. HP: 27/27 MP: 2/2
   937 | D:2      | Reached XP level 3. HP: 28/33 MP: 3/3
  1038 | D:2      | Found a snail-covered altar of Cheibriados.
  1267 | D:2      | Found a faded altar of an unknown god.
  1586 | D:2      | Reached XP level 4. HP: 18/41 MP: 4/4
  2557 | D:3      | Became a worshipper of Beogh the Brigand
  2557 | D:3      | Reached * piety under Beogh
  2557 | D:3      | Reached ** piety under Beogh
  2862 | D:3      | Reached skill level 5 in Axes
  2862 | D:3      | Reached XP level 5. HP: 27/47 MP: 5/5
  3586 | D:3      | Found a white marble altar of Elyvilon.
  3860 | D:4      | Noticed Duvessa
  3860 | D:4      | Noticed Dowan
  3873 | D:4      | Killed Dowan
  3874 | D:4      | Reached skill level 5 in Fighting
  3876 | D:4      | HP: 1/48 [Duvessa (2)]
  3878 | D:4      | Slain by Duvessa

Illustrated notes

Levels and vault maps discovered:
D:1:      dpeg_arrival_ratfight, layout_loops_ring
D:2:      layout_loops_ring, shapermc_ecumenical_altar_mp_ritualfount,
          basic_altar
D:3:      layout_loops_cross, lemuel_tele_altar, grunt_ministairs_5,
          minmay_curled_crystal
D:4:      layout_rooms, lemuel_crystal_altar, mainiacjoe_overflow_alcove_1,
          uniq_duvessa

Skill      XL: |  1  2  3  4  5 |
---------------+----------------+-----
Fighting       | 4 5 |  5.0
Stealth        | 2 3 |  3.0
Dodging        | 3 |  3.3
Axes           | 5 |  5.4

Action                   |  1- 3 |  4- 6 || total
-------------------------+-------+-------++-------
Melee: Hand axe          |    70 |    25 ||    95
       Punch             |     1 |       ||     1
       Battleaxe         |    39 |    91 ||   130
Throw: Stone             |     4 |       ||     4
Invok: Convert to Beogh  |       |     1 ||     1
  Use: Scroll            |       |    12 ||    12
       Potion            |       |     4 ||     4
 Stab: Sleeping          |     2 |       ||     2
       Invisible         |       |     1 ||     1
Armor: Robe              |     9 |       ||     9
       Leather armour    |    25 |    34 ||    59
       Scale mail        |       |    17 ||    17
Dodge: Dodged            |    84 |   119 ||   203
